cohdb
Replays
Latest Replays
All Replays
Popular Replays
Top Player Replays
Match Explorer
How It Works
Community
CoH3 Stats
Reddit
Sign in to upload your games and track your stats! →
Sign in with Steam
Match 41866469
Unlisted
Match 41866469
Overview
Messages
Build Orders
End
Panzergrenadier Squad
250 Light Carrier
Selects Panzerjäger Kommand Battlegroup
Selects Mine Fields
Panzergrenadier Squad
Panzergrenadier Squad
Construct Light Support Kompanie
Construct Mechanized Kompanie
Panzerjäger Mechanized Group
Vehicle Survival Package
Veteran Squad Leaders
Assault Grenadier Squad
Selects Defensive Positions
Selects Tank Busters
Construct Panzerarmee Kommand
Selects Crew Shock Tactics
Walking Stuka Rocket Launcher
Panzerjäger Squad
Flak 36 Anti-tank Gun Team
Selects Anti-tank Overwatch
Panzergrenadier Squad
Anti-tank Overwatch
Armored Reserves
Panzer IV Assault Group
Emergency Repair Kits
Nomissa
Insane Zjoekov
ConcernedApe
TechBee
0
0
Comments
sign in to comment!
No comments posted yet!